[Event "9th Floripa Open 2023"]
[Site "Florianopolis"]
[Date "2023.01.27"]
[Round "7.9"]
[White "Almiron, Antonio"]
[Black "Silva, Kaua Marques"]
[Result "1/2-1/2"]
[ECO "A13"]
[WhiteElo "2334"]
[BlackElo "2196"]
[Annotator "TA"]
[PlyCount "79"]
[EventDate "2023.01.23"]
[EventType "swiss"]
[EventCountry "BRA"]
[SourceTitle "playchess.com"]
[Source "ChessBase"]
[SourceQuality "1"]
[TimeControl "5400+30"]

1. Nf3 Nf6 2. c4 e6 3. g3 d5 4. Bg2 dxc4 5. Qa4+ Bd7 6. Qxc4 Bc6 7. O-O Nbd7 8. Qc2 Be7 9. Nc3 O-O 10. d4 {[%emt 0:04:06] A13: English Opening: 1...e6.} b5 11. Bf4 {[%emt 0:15:51] [#]} Rc8 $146 ({Predecessor:} 11... Bd6 12. Ne5 Bxg2 13. Kxg2 Nh5 14. Nxb5 Nxf4+ 15. gxf4 Bxe5 16. dxe5 Qh4 17. Qd3 Qxf4 18. Qxd7 {1-0 Schild,C (2289)-Pop,L (1882) Deizisau op 7th 2012 (1)}) 12. d5 {[%emt 0:21:11] White is slightly better.} Nxd5 13. Nd4 Ba8 14. Nxd5 exd5 15. Nxb5 Bc5 {[%emt 0:00:18] [#]} 16. b4 $1 Bb6 17. Rad1 {[%emt 0:02:38] White has more active pieces. The black rooks are badly placed.} Qe7 18. a3 (18. Nxc7 $2 {is the wrong capture.} Bxc7 19. Bxc7 Nf6 $19) 18... Ne5 ({Black should play} 18... Rfe8 $14) 19. Nc3 (19. Bxd5 $16 Bxd5 20. Rxd5) 19... c6 $14 20. e4 g5 (20... d4 $11) 21. Bc1 a5 (21... d4 $142 22. Na4 c5) 22. Na4 $16 ({Don't take} 22. exd5 $6 cxd5 23. Qb3 d4 $14) 22... Ba7 23. bxa5 d4 24. Nb6 Bxb6 25. axb6 {[%emt 0:00:00] f4 would be deadly.} c5 26. f4 ({Better is} 26. a4 $16) 26... Nd7 $1 $14 27. e5 (27. a4 $14) 27... Bxg2 $11 28. Qxg2 Nxb6 29. Rde1 gxf4 30. Bxf4 Qe6 {[%emt 0:02:56] Prevents Bh6.} 31. Bg5 {[%emt 0:01:08] And now Rf6 would win.} Nd7 {[%emt 0:00:39] Dodges Rf6} 32. Bf6 {[%emt 0:01:11] With the idea Qe4.} Rfe8 {[%emt 0:01:40] aiming for ...Nxf6.} 33. Qf3 Nxf6 34. exf6 Qh3 35. Qd5 $40 {[%emt 0:00:00][%mdl 128] Intending Qg5+ and mate. White has some attack.} (35. a4 $5 Qd7 36. Rxe8+ Rxe8 37. Qh5 $14) 35... h6 {[%emt 0:00:15] Against Qg5+} 36. Re7 {[%emt 0:00:00] Chess con chili.} Rxe7 {[%emt 0:01:47][%mdl 64] Remove Defender} 37. fxe7 Qe6 38. Qd8+ Kg7 39. h4 f5 $2 {[%emt 0:07:27] [#]} (39... d3 $1 $11 {and Black has nothing to worry.}) 40. Rxf5 $2 {[%emt 0:00:30] Weighted Error Value: White=0.14 (very precise) /Black=0.16 (very precise)} 1/2-1/2